Maple Leafs vs Capitals

Created - 13 novembre 2024 at 06:35

Goals
1 2 3 T
Maple Leafs 3 0 2 5
Capitals 0 4 3 7
Shots
1 2 3 T
Maple Leafs 19 8 16 43
Capitals 8 23 12 43

GoalsPenalties
1st period
1. Maple Leafs , Michael Bunting 4 (Yegor Sharangovich 5, Cam York 5) at 7:54
2. Maple Leafs , Sean Walker 3 (K'Andre Miller 6, Reilly Smith 9) at 11:52
3. Maple Leafs , Yegor Sharangovich 2 (K'Andre Miller 7) at 12:26
No Penalty
2nd period
4. Capitals , Vladislav Namestnikov 4 (Brandon Saad 4, Colin Miller 6) at 0:12
5. Capitals , Alex Goligoski 3 (Tyler Johnson 6, Henri Jokiharju 5) at 2:16 (PP)
6. Capitals , Vladislav Namestnikov 5 (Brandon Saad 5, Zach Parise 7) at 4:47 (PP)
7. Capitals , Kevin Bahl 1 (Zach Parise 8, Joe Veleno 5) at 12:07
Jon Merrill (TOR) for Slashing (Minor) at 0:25
Reilly Smith (TOR) for Tripping (Minor) at 3:18
K'Andre Miller (TOR) for Hooking (Minor) at 8:31
3rd period
8. Capitals , Alex Goligoski 4 (Jack McBain 11, Tyler Johnson 7) at 0:31 (PP)
9. Maple Leafs , Jared McCann 5 (Ryan Lindgren 9, Michael Bunting 4) at 0:45
10. Capitals , Vladislav Namestnikov 6 (Brandon Saad 6, T.J. Oshie 4) at 2:26
11. Capitals , Zach Parise 7 (Joe Veleno 6) at 9:08
12. Maple Leafs , Logan OConnor 5 (Kevin Stenlund 2) at 12:14
K'Andre Miller (TOR) for Goalie Interference (Minor) at 0:11
Jalen Chatfield (WSH) for Hooking (Minor) at 9:33
Jack McBain (WSH) for Hooking (Minor) at 16:20
Goalie Stats
Jet Greaves (TOR), 36 saves from 43 shots - (0,837), L, 0-1-0, 60:00 minutes
Nico Daws (WSH), 38 saves from 43 shots - (0,884), W, 7-6-1, 60:00 minutes
3 StarsOfficial
1 - Vladislav Namestnikov (WSH)
2 - Alex Goligoski (WSH)
3 - Yegor Sharangovich (TOR)
Referees : Gord Dwyer and Furman South
Linesman : David Brisebois and Mark Wheler
Game Note
Vladislav Namestnikov has scored a Hat Trick!
Finance
Level 1 -- Attendance: 4936 (82,27%) -- Ticket Income $493,600
Level 2 -- Attendance: 4194 (83,88%) -- Ticket Income $251,640
Level 3 -- Attendance: 1862 (93,10%) -- Ticket Income $65,170
Level 4 -- Attendance: 3673 (91,83%) -- Ticket Income $73,460
Luxury Box -- Attendance: 842 (84,20%) -- Ticket Income $168,400
Game was played at the White House Arena.
Total Attendance: 15507 (86,15%)
Total Ticket Income: $1,052,270
Other Income: $94,704
Total Income: $1,146,974



Team Name Goals Shots Shots Attemp Shots Blocked PIM HIT PP PK FO%
Maple Leafs 54389128280 / 2 (0%)335%
Capitals 74379124153 / 4 (75%)065%

Maple Leafs
Player Name POS G A P +/- PIM HIT SHT SB MP PP MP PP SHT PK MP PK SHT FO% FOT
Anthony BeauvillierLW0001003113:050:0000:2700% 0
Ben HuttonD0000010116:280:0001:1400% 0
Cam YorkD011-2003120:202:0922:1800% 0
Conor TimminsD000000000:000:0000:0000% 0
Jakob SilfverbergRW000000003:560:0000:00033% 3
Jared McCannC/LW1010036022:322:3210:00030% 33
Jason ZuckerLW0000015022:491:2603:38015% 13
Jon MerrillD0000210315:130:0000:0000% 0
K'Andre MillerD0223443023:101:4902:0700% 0
Kevin StenlundC0111012012:380:0000:00047% 19
Logan OConnorC/RW1011021118:382:3203:28033% 6
Michael BuntingLW1120002020:472:3202:1100% 3
Morgan FrostC0000024019:111:2600:00050% 24
Reilly SmithRW0110204120:441:2601:340100% 1
Ryan LindgrenD011-1014223:132:0932:1800% 0
Sean WalkerD1012042121:331:4913:2100% 0
Yegor SharangovichC/RW1120084116:040:0000:0000% 2
Zach BensonLW000000003:560:0000:0000% 1
Capitals
Player Name POS G A P +/- PIM HIT SHT SB MP PP MP PP SHT PK MP PK SHT FO% FOT
Alex GoligoskiD2023025119:302:2840:5600% 0
Angus CrookshankLW000001104:240:0000:0000% 0
Brandon SaadLW0331011221:442:3702:19050% 2
Colin MillerD0113004121:163:1121:5900% 0
Denis GurianovRW000-2001018:140:0001:3900% 0
Ethan CardwellC/LW/RW000000104:240:0000:0000% 0
Evander KaneLW000-2033016:350:0000:000100% 2
Henri JokiharjuD011-3000124:192:2802:1100% 0
Jack McBainC011-2226119:363:0200:00057% 28
Jalen ChatfieldD000-1200115:160:0000:5800% 0
Joe VelenoC0220022112:360:0000:00074% 19
Kevin BahlD101-1001015:090:3200:0000% 0
Matthew PhillipsRW0000003012:360:0000:000100% 1
T.J. OshieRW0111002119:503:0200:00070% 10
Tony DeAngeloD000-3021024:112:3911:5200% 0
Tyler JohnsonC022000109:453:0202:19038% 8
Vladislav NamestnikovC/LW3031026221:042:3711:39062% 29
Zach PariseLW1230005115:312:3720:000100% 6

Maple Leafs

5 vs 5 Forward
Line #Left WingCenterRight WingPHYDFOFWanted %Time %Time Play
1Michael BuntingJared McCannYegor Sharangovich1223432%16:04
2Jason ZuckerMorgan FrostReilly Smith1223335%17:45
3Anthony BeauvillierKevin StenlundLogan OConnor1222425%12:38
4Zach BensonJakob SilfverbergJared McCann12298%3:56
5 vs 5 Defense
Line #DefenseDefensePHYDFOFWanted %Time %Time Play
1K'Andre MillerSean Walker1223433%16:23
2Ryan LindgrenCam York1223332%15:53
3Jon MerrillBen Hutton1222430%15:14
4Ryan LindgrenK'Andre Miller12296%2:53
Power Play Forward
Line #Left WingCenterRight WingPHYDFOFWanted %Time %Time Play
1Michael BuntingLogan OConnorJared McCann1225564%2:32
2Jason ZuckerMorgan FrostReilly Smith1224536%1:26
Power Play Defense
Line #DefenseDefensePHYDFOFWanted %Time %Time Play
1K'Andre MillerSean Walker1225546%1:49
2Ryan LindgrenCam York1224554%2:09
Penalty Kill 4 Players Forward
Line #CenterWingPHYDFOFWanted %Time %Time Play
1Jason ZuckerLogan OConnor1225561%3:28
2Michael BuntingReilly Smith1224539%2:11
Penalty Kill 4 Players Defense
Line #DefenseDefensePHYDFOFWanted %Time %Time Play
1K'Andre MillerSean Walker1225559%3:21
2Ryan LindgrenCam York1224541%2:18
Penalty Kill 3 Players
Line #WingPHYDFOFWanted %Time %Time PlayDefenseDefensePHYDFOFWanted %Time %Time Play
1Michael Bunting122550%0:00 K'Andre MillerSean Walker122550%0:00
2Reilly Smith122450%0:00 Ryan LindgrenCam York122450%0:00
4 vs 4 Forward
Line #CenterWingPHYDFOFWanted %Time %Time Play
1Logan OConnorJason Zucker122550%0:00
2Michael BuntingReilly Smith122450%0:00
4 vs 4 Defense
Line #DefensePHYDFOFWanted %Time %Time Play
1K'Andre MillerSean Walker122550%0:00
2Ryan LindgrenCam York122450%0:00
Last Minutes Offensive
Left WingCenterRight WingDefenseDefense
Michael BuntingJakob SilfverbergJared McCannK'Andre MillerSean Walker
Last Minutes Defensive
Left WingCenterRight WingDefenseDefense
Michael BuntingJakob SilfverbergJared McCannK'Andre MillerSean Walker
Time
Total ForwardTotal DefenseLast Minutes OffensiveLast Minutes Defensive
60:00 60:00 0:000:00
Extra Forwards
Normal PowerPlayPenalty Kill
Logan OConnor, Michael Bunting, Anthony BeauvillierLogan OConnor, Zach BensonAnthony Beauvillier
Extra Defensemen
Normal PowerPlayPenalty Kill
Jon Merrill, Ben Hutton, Cam YorkJon Merrill, Ben HuttonRyan Lindgren
Penalty Shots
Anthony Beauvillier, Yegor Sharangovich, Michael Bunting, Reilly Smith, Jason Zucker
Goalie
Jet Greaves, Cal Petersen
Scratches
Dominic Toninato (Healthy), Matt Coronato (Healthy), Sam Malinski (Healthy), Mackenzie Blackwood (Exhaustion)

Capitals

5 vs 5 Forward
Line #Left WingCenterRight WingPHYDFOFWanted %Time %Time Play
1Brandon SaadVladislav NamestnikovT.J. Oshie1223433%16:48
2Evander KaneJack McBainDenis Gurianov1223333%16:35
3Zach PariseJoe VelenoMatthew Phillips1222425%12:36
4Angus CrookshankTyler JohnsonEthan Cardwell12299%4:24
5 vs 5 Defense
Line #DefenseDefensePHYDFOFWanted %Time %Time Play
1Tony DeAngeloHenri Jokiharju1223433%16:49
2Colin MillerAlex Goligoski1223332%16:06
3Jalen ChatfieldKevin Bahl1222429%14:37
4Tony DeAngeloHenri Jokiharju12296%2:51
Power Play Forward
Line #Left WingCenterRight WingPHYDFOFWanted %Time %Time Play
1Brandon SaadZach PariseVladislav Namestnikov1225546%2:37
2Tyler JohnsonT.J. OshieJack McBain1224554%3:02
Power Play Defense
Line #DefenseDefensePHYDFOFWanted %Time %Time Play
1Colin MillerTony DeAngelo1225556%3:11
2Alex GoligoskiHenri Jokiharju1224544%2:28
Penalty Kill 4 Players Forward
Line #CenterWingPHYDFOFWanted %Time %Time Play
1Tyler JohnsonBrandon Saad1225558%2:19
2Vladislav NamestnikovDenis Gurianov1224542%1:39
Penalty Kill 4 Players Defense
Line #DefenseDefensePHYDFOFWanted %Time %Time Play
1Colin MillerTony DeAngelo1225531%1:13
2Jalen ChatfieldHenri Jokiharju1224569%2:45
Penalty Kill 3 Players
Line #WingPHYDFOFWanted %Time %Time PlayDefenseDefensePHYDFOFWanted %Time %Time Play
1Brandon Saad122550%0:00 Kevin BahlColin Miller122550%0:00
2Vladislav Namestnikov122450%0:00 Tony DeAngeloHenri Jokiharju122450%0:00
4 vs 4 Forward
Line #CenterWingPHYDFOFWanted %Time %Time Play
1Brandon SaadT.J. Oshie122550%0:00
2Vladislav NamestnikovZach Parise122450%0:00
4 vs 4 Defense
Line #DefensePHYDFOFWanted %Time %Time Play
1Colin MillerTony DeAngelo122550%0:00
2Jalen ChatfieldHenri Jokiharju122450%0:00
Last Minutes Offensive
Left WingCenterRight WingDefenseDefense
Angus CrookshankBrandon SaadVladislav NamestnikovZach PariseColin Miller
Last Minutes Defensive
Left WingCenterRight WingDefenseDefense
Brandon SaadJoe VelenoVladislav NamestnikovEvander KaneColin Miller
Time
Total ForwardTotal DefenseLast Minutes OffensiveLast Minutes Defensive
60:00 60:00 0:000:00
Extra Forwards
Normal PowerPlayPenalty Kill
Vladislav Namestnikov, Tyler Johnson, Brandon SaadVladislav Namestnikov, Tyler JohnsonVladislav Namestnikov
Extra Defensemen
Normal PowerPlayPenalty Kill
Colin Miller, Henri Jokiharju, Tony DeAngeloColin Miller, Colin MillerHenri Jokiharju
Penalty Shots
Brandon Saad, Tyler Johnson, Vladislav Namestnikov, Jack McBain, Denis Gurianov
Goalie
Nico Daws, Matt Murray
Scratches
Zach Aston-Reese (Healthy), Ivan Fedotov (Healthy)


Play-by-Play

1st period


0:01 of 1st period - T.J. Oshie wins face-off versus Jared McCann in neutral zone.
0:12 of 1st period - Shot by Brandon Saad.
0:12 of 1st period - Shot Misses the Net.
0:22 of 1st period - Shot by Yegor Sharangovich.
0:22 of 1st period - Shot Misses the Net.
0:32 of 1st period - Shot by Jared McCann.
0:32 of 1st period - Shot Misses the Net.
0:34 of 1st period - Shot by K'Andre Miller.
0:34 of 1st period - Stopped by Nico Daws with a rebound.
0:36 of 1st period - Shot by Yegor Sharangovich.
0:36 of 1st period - Shot Misses the Net.
2:41 of 1st period - Shot by Jared McCann.
2:41 of 1st period - Stopped by Nico Daws without a rebound.
2:42 of 1st period - Jack McBain wins face-off versus Jared McCann in Capitals zone.
2:42 of 1st period - Jack McBain is hit by Yegor Sharangovich.
3:44 of 1st period - Shot by Morgan Frost.
3:44 of 1st period - Stopped by Nico Daws with a rebound.
3:50 of 1st period - Shot by Jason Zucker.
3:50 of 1st period - Stopped by Nico Daws with a rebound.
3:52 of 1st period - Shot by Jason Zucker.
3:52 of 1st period - Shot Misses the Net.
3:54 of 1st period - Shot by K'Andre Miller.
3:54 of 1st period - Shot Misses the Net.
3:56 of 1st period - Shot by Reilly Smith.
3:56 of 1st period - Stopped by Nico Daws without a rebound.
3:57 of 1st period - Tyler Johnson wins face-off versus Kevin Stenlund in Capitals zone.
4:45 of 1st period - Jon Merrill is hit by Joe Veleno and loses puck.
5:36 of 1st period - Shot by Jack McBain.
5:36 of 1st period - Deflect By Evander Kane.
5:36 of 1st period - Stopped by Jet Greaves without a rebound.
5:37 of 1st period - Morgan Frost wins face-off versus Tyler Johnson in Maple Leafs zone.
6:19 of 1st period - Colin Miller is hit by Sean Walker and loses puck.
6:41 of 1st period - Sean Walker is hit by Jack McBain and loses puck.
6:58 of 1st period - Shot by Cam York.
6:58 of 1st period - Stopped by Nico Daws without a rebound.
6:59 of 1st period - Jared McCann wins face-off versus Joe Veleno in Capitals zone.
7:10 of 1st period - Shot by Zach Parise.
7:10 of 1st period - Stopped by Jet Greaves without a rebound.
7:11 of 1st period - Vladislav Namestnikov wins face-off versus Kevin Stenlund in Maple Leafs zone.
7:32 of 1st period - Shot by T.J. Oshie.
7:32 of 1st period - Shot Blocked by Anthony Beauvillier.
7:44 of 1st period - Shot by Kevin Stenlund.
7:44 of 1st period - Stopped by Nico Daws without a rebound.
7:45 of 1st period - Jack McBain wins face-off versus Jared McCann in Capitals zone.
7:54 of 1st period - Shot by Michael Bunting.
7:54 of 1st period - Goal by Michael Bunting - Maple Leafs : 1 - Capitals : 0.
7:55 of 1st period - Joe Veleno wins face-off versus Jakob Silfverberg in neutral zone.
8:08 of 1st period - Shot by Jakob Silfverberg.
8:08 of 1st period - Shot Misses the Net.
8:14 of 1st period - Shot by Jared McCann.
8:14 of 1st period - Shot Misses the Net.
8:20 of 1st period - Shot by Jared McCann.
8:20 of 1st period - Stopped by Nico Daws without a rebound.
8:21 of 1st period - Jack McBain wins face-off versus Morgan Frost in Capitals zone.
8:37 of 1st period - Off-side.
8:38 of 1st period - Vladislav Namestnikov wins face-off versus Jared McCann in neutral zone.
8:43 of 1st period - Shot by T.J. Oshie.
8:43 of 1st period - Stopped by Jet Greaves without a rebound.
8:44 of 1st period - Evander Kane wins face-off versus Jared McCann in Maple Leafs zone.
8:51 of 1st period - Shot by Evander Kane.
8:51 of 1st period - Shot Misses the Net.
8:57 of 1st period - Shot by Colin Miller.
8:57 of 1st period - Stopped by Jet Greaves without a rebound.
8:58 of 1st period - Joe Veleno wins face-off versus Morgan Frost in Maple Leafs zone.
9:34 of 1st period - Shot by Joe Veleno.
9:34 of 1st period - Stopped by Jet Greaves without a rebound.
9:35 of 1st period - Jared McCann wins face-off versus Jack McBain in Maple Leafs zone.
9:46 of 1st period - Shot by Yegor Sharangovich.
9:46 of 1st period - Shot Blocked by Colin Miller.
9:48 of 1st period - Shot by Cam York.
9:48 of 1st period - Shot Blocked by Jack McBain.
9:52 of 1st period - Shot by Yegor Sharangovich.
9:52 of 1st period - Shot Blocked by Alex Goligoski.
10:11 of 1st period - Off-side.
10:12 of 1st period - Kevin Stenlund wins face-off versus Brandon Saad in neutral zone.
11:20 of 1st period - Shot by Joe Veleno.
11:20 of 1st period - Deflect By Zach Parise.
11:20 of 1st period - Shot Misses the Net.
11:22 of 1st period - Shot by Matthew Phillips.
11:22 of 1st period - Stopped by Jet Greaves without a rebound.
11:23 of 1st period - Jared McCann wins face-off versus Jack McBain in Maple Leafs zone.
11:39 of 1st period - Shot by Jared McCann.
11:39 of 1st period - Shot Misses the Net.
11:41 of 1st period - Shot by Jared McCann.
11:41 of 1st period - Stopped by Nico Daws without a rebound.
11:42 of 1st period - Joe Veleno wins face-off versus Morgan Frost in Capitals zone.
11:42 of 1st period - Joe Veleno is hit by Jason Zucker.
11:52 of 1st period - Shot by Sean Walker.
11:52 of 1st period - Goal by Sean Walker - Maple Leafs : 2 - Capitals : 0.
11:53 of 1st period - Jared McCann wins face-off versus Jack McBain in neutral zone.
11:55 of 1st period - Off-side.
11:56 of 1st period - Jared McCann wins face-off versus Jack McBain in neutral zone.
12:03 of 1st period - Denis Gurianov is hit by Yegor Sharangovich and loses puck.
12:26 of 1st period - Shot by Yegor Sharangovich.
12:26 of 1st period - Goal by Yegor Sharangovich - Maple Leafs : 3 - Capitals : 0.
12:27 of 1st period - Kevin Stenlund wins face-off versus Joe Veleno in neutral zone.
12:37 of 1st period - Logan OConnor is hit by Alex Goligoski and loses puck.
13:42 of 1st period - Shot by Zach Benson.
13:42 of 1st period - Shot Misses the Net.
13:44 of 1st period - Shot by Ryan Lindgren.
13:44 of 1st period - Shot Misses the Net.
13:46 of 1st period - Shot by Zach Benson.
13:46 of 1st period - Shot Blocked by Brandon Saad.
14:07 of 1st period - Icing by Kevin Bahl.
14:08 of 1st period - Morgan Frost wins face-off versus Vladislav Namestnikov in Capitals zone.
14:11 of 1st period - Shot by Morgan Frost.
14:11 of 1st period - Shot Misses the Net.
14:13 of 1st period - Shot by Sean Walker.
14:13 of 1st period - Shot Blocked by Vladislav Namestnikov.
14:15 of 1st period - Shot by Morgan Frost.
14:15 of 1st period - Stopped by Nico Daws without a rebound.
14:16 of 1st period - Jack McBain wins face-off versus Morgan Frost in Capitals zone.
14:16 of 1st period - Jack McBain is hit by Morgan Frost.
14:24 of 1st period - Shot by Jack McBain.
14:24 of 1st period - Shot Misses the Net.
14:48 of 1st period - Shot by Jason Zucker.
14:48 of 1st period - Stopped by Nico Daws with a rebound.
14:50 of 1st period - Shot by Sean Walker.
14:50 of 1st period - Shot Misses the Net.
14:52 of 1st period - Shot by Jason Zucker.
14:52 of 1st period - Stopped by Nico Daws with a rebound.
15:12 of 1st period - Shot by Anthony Beauvillier.
15:12 of 1st period - Stopped by Nico Daws with a rebound.
15:14 of 1st period - Shot by Anthony Beauvillier.
15:14 of 1st period - Stopped by Nico Daws without a rebound.
15:15 of 1st period - Joe Veleno wins face-off versus Jared McCann in Capitals zone.
15:15 of 1st period - Joe Veleno is hit by Yegor Sharangovich.
15:18 of 1st period - Alex Goligoski is hit by Yegor Sharangovich and loses puck.
15:31 of 1st period - Shot by Michael Bunting.
15:31 of 1st period - Deflect By Jared McCann.
15:31 of 1st period - Shot Blocked by Joe Veleno.
15:33 of 1st period - Shot by Yegor Sharangovich.
15:33 of 1st period - Stopped by Nico Daws without a rebound.
15:34 of 1st period - Vladislav Namestnikov wins face-off versus Kevin Stenlund in Capitals zone.
15:40 of 1st period - Kevin Bahl is hit by Ben Hutton and loses puck.
15:55 of 1st period - Shot by Logan OConnor.
15:55 of 1st period - Shot Blocked by Jalen Chatfield.
16:27 of 1st period - Shot by Michael Bunting.
16:27 of 1st period - Stopped by Nico Daws without a rebound.
16:28 of 1st period - Joe Veleno wins face-off versus Jason Zucker in Capitals zone.
16:30 of 1st period - Icing by Colin Miller.
16:31 of 1st period - Joe Veleno wins face-off versus Jared McCann in Capitals zone.
16:31 of 1st period - Joe Veleno is hit by Yegor Sharangovich.
17:21 of 1st period - Off-side.
17:22 of 1st period - Jack McBain wins face-off versus Jason Zucker in neutral zone.
17:27 of 1st period - Shot by Evander Kane.
17:27 of 1st period - Stopped by Jet Greaves with a rebound.
17:29 of 1st period - Shot by Jack McBain.
17:29 of 1st period - Shot Misses the Net.
17:46 of 1st period - Icing by K'Andre Miller.
17:47 of 1st period - Morgan Frost wins face-off versus Tyler Johnson in Maple Leafs zone.
17:47 of 1st period - Morgan Frost is hit by Angus Crookshank.
18:49 of 1st period - Shot by Jack McBain.
18:49 of 1st period - Stopped by Jet Greaves without a rebound.
18:50 of 1st period - Jared McCann wins face-off versus Vladislav Namestnikov in Maple Leafs zone.
18:56 of 1st period - Off-side.
18:57 of 1st period - Jared McCann wins face-off versus Jack McBain in neutral zone.
19:12 of 1st period - Shot by Jared McCann.
19:12 of 1st period - Shot Misses the Net.
19:14 of 1st period - Shot by Ryan Lindgren.
19:14 of 1st period - Shot Misses the Net.
19:16 of 1st period - Shot by Yegor Sharangovich.
19:16 of 1st period - Shot Misses the Net.
19:45 of 1st period - Icing by Henri Jokiharju.
19:46 of 1st period - Kevin Stenlund wins face-off versus Jack McBain in Capitals zone.
19:56 of 1st period - Icing by Denis Gurianov.
19:57 of 1st period - Kevin Stenlund wins face-off versus Jack McBain in Capitals zone.
Goals for this period are 3 for Maple Leafs vs 0 for Capitals.
Shots for this period are 19 for Maple Leafs vs 8 for Capitals.

2nd period


0:01 of 2nd period - T.J. Oshie wins face-off versus Jared McCann in neutral zone.
0:12 of 2nd period - Shot by Vladislav Namestnikov.
0:12 of 2nd period - Goal by Vladislav Namestnikov - Maple Leafs : 3 - Capitals : 1.
0:13 of 2nd period - Jack McBain wins face-off versus Jason Zucker in neutral zone.
0:18 of 2nd period - Ben Hutton is hit by Evander Kane and loses puck.
0:24 of 2nd period - Evander Kane is hit by Jon Merrill.
0:25 of 2nd period - Minor Penalty to Jon Merrill for Slashing.
0:26 of 2nd period - Zach Parise wins face-off versus Jason Zucker in Maple Leafs zone.
0:27 of 2nd period - Shot by Tony DeAngelo.
0:27 of 2nd period - Stopped by Jet Greaves without a rebound.
0:28 of 2nd period - Zach Parise wins face-off versus Jason Zucker in Maple Leafs zone.
0:29 of 2nd period - Shot by Tony DeAngelo.
0:29 of 2nd period - Shot Misses the Net.
0:31 of 2nd period - Shot by Zach Parise.
0:31 of 2nd period - Stopped by Jet Greaves without a rebound.
0:32 of 2nd period - Zach Parise wins face-off versus Jason Zucker in Maple Leafs zone.
1:03 of 2nd period - Shot by Tony DeAngelo.
1:03 of 2nd period - Shot Misses the Net.
1:44 of 2nd period - Off-side.
1:45 of 2nd period - T.J. Oshie wins face-off versus Michael Bunting in neutral zone.
1:54 of 2nd period - Shot by Henri Jokiharju.
1:54 of 2nd period - Shot Blocked by Ryan Lindgren.
1:56 of 2nd period - Shot by Alex Goligoski.
1:56 of 2nd period - Shot Misses the Net.
1:58 of 2nd period - Shot by Alex Goligoski.
1:58 of 2nd period - Shot Blocked by Ryan Lindgren.
2:00 of 2nd period - Shot by Alex Goligoski.
2:00 of 2nd period - Stopped by Jet Greaves without a rebound.
2:01 of 2nd period - T.J. Oshie wins face-off versus Jason Zucker in Maple Leafs zone.
2:16 of 2nd period - Shot by Alex Goligoski.
2:16 of 2nd period - Goal by Alex Goligoski - Maple Leafs : 3 - Capitals : 2.
2:17 of 2nd period - Zach Parise wins face-off versus Jared McCann in neutral zone.
2:22 of 2nd period - Shot by Matthew Phillips.
2:22 of 2nd period - Shot Blocked by Cam York.
2:33 of 2nd period - Zach Parise is hit by Yegor Sharangovich and loses puck.
3:17 of 2nd period - Icing by Tony DeAngelo.
3:18 of 2nd period - Vladislav Namestnikov wins face-off versus Morgan Frost in Capitals zone.
3:18 of 2nd period - Minor Penalty to Reilly Smith for Tripping.
3:19 of 2nd period - T.J. Oshie wins face-off versus Jason Zucker in Maple Leafs zone.
3:19 of 2nd period - Tony DeAngelo is hit by K'Andre Miller and loses puck.
4:15 of 2nd period - Icing by Alex Goligoski.
4:16 of 2nd period - Zach Parise wins face-off versus Michael Bunting in Capitals zone.
4:47 of 2nd period - Shot by Vladislav Namestnikov.
4:47 of 2nd period - Goal by Vladislav Namestnikov - Maple Leafs : 3 - Capitals : 3.
4:48 of 2nd period - Jack McBain wins face-off versus Jakob Silfverberg in neutral zone.
4:48 of 2nd period - Kevin Bahl is hit by Jared McCann and loses puck.
5:00 of 2nd period - Shot by Jack McBain.
5:00 of 2nd period - Shot Blocked by Jon Merrill.
5:22 of 2nd period - Kevin Bahl is hit by Jared McCann and loses puck.
5:59 of 2nd period - Shot by Ethan Cardwell.
5:59 of 2nd period - Shot Blocked by Logan OConnor.
6:01 of 2nd period - Shot by Ethan Cardwell.
6:01 of 2nd period - Stopped by Jet Greaves without a rebound.
6:02 of 2nd period - Vladislav Namestnikov wins face-off versus Morgan Frost in Maple Leafs zone.
6:02 of 2nd period - Vladislav Namestnikov is hit by Sean Walker.
6:12 of 2nd period - Shot by T.J. Oshie.
6:12 of 2nd period - Shot Misses the Net.
6:14 of 2nd period - Shot by T.J. Oshie.
6:14 of 2nd period - Shot Misses the Net.
6:20 of 2nd period - Shot by Vladislav Namestnikov.
6:20 of 2nd period - Stopped by Jet Greaves with a rebound.
6:30 of 2nd period - Shot by T.J. Oshie.
6:30 of 2nd period - Shot Misses the Net.
6:32 of 2nd period - Shot by Vladislav Namestnikov.
6:32 of 2nd period - Shot Misses the Net.
8:00 of 2nd period - Shot by Jack McBain.
8:00 of 2nd period - Deflect By Evander Kane.
8:00 of 2nd period - Shot Misses the Net.
8:06 of 2nd period - Shot by Jack McBain.
8:06 of 2nd period - Stopped by Jet Greaves with a rebound.
8:08 of 2nd period - Shot by Jack McBain.
8:08 of 2nd period - Stopped by Jet Greaves with a rebound.
8:10 of 2nd period - Shot by Jack McBain.
8:10 of 2nd period - Stopped by Jet Greaves without a rebound.
8:11 of 2nd period - Vladislav Namestnikov wins face-off versus Jared McCann in Maple Leafs zone.
8:22 of 2nd period - Shot by Brandon Saad.
8:22 of 2nd period - Shot Misses the Net.
8:31 of 2nd period - Minor Penalty to K'Andre Miller for Hooking.
8:32 of 2nd period - Jason Zucker wins face-off versus T.J. Oshie in Maple Leafs zone.
8:40 of 2nd period - Icing by Jack McBain.
8:41 of 2nd period - Jason Zucker wins face-off versus T.J. Oshie in Capitals zone.
9:10 of 2nd period - Shot by Colin Miller.
9:10 of 2nd period - Stopped by Jet Greaves with a rebound.
9:34 of 2nd period - Shot by Henri Jokiharju.
9:34 of 2nd period - Shot Misses the Net.
9:36 of 2nd period - Shot by Vladislav Namestnikov.
9:36 of 2nd period - Deflect By Zach Parise.
9:36 of 2nd period - Shot Hit the Post.
9:38 of 2nd period - Shot by Alex Goligoski.
9:38 of 2nd period - Stopped by Jet Greaves with a rebound.
9:40 of 2nd period - Shot by Zach Parise.
9:40 of 2nd period - Shot Misses the Net.
9:42 of 2nd period - Shot by Zach Parise.
9:42 of 2nd period - Stopped by Jet Greaves with a rebound.
9:44 of 2nd period - Shot by Brandon Saad.
9:44 of 2nd period - Deflect By Zach Parise.
9:44 of 2nd period - Shot Blocked by Sean Walker.
9:46 of 2nd period - Shot by Alex Goligoski.
9:46 of 2nd period - Shot Blocked by Reilly Smith.
10:11 of 2nd period - Icing by Jack McBain.
10:12 of 2nd period - T.J. Oshie wins face-off versus Jason Zucker in Capitals zone.
10:41 of 2nd period - Jalen Chatfield is hit by K'Andre Miller and loses puck.
10:46 of 2nd period - Shot by Matthew Phillips.
10:46 of 2nd period - Stopped by Jet Greaves without a rebound.
10:47 of 2nd period - Kevin Stenlund wins face-off versus Jack McBain in Maple Leafs zone.
10:47 of 2nd period - Logan OConnor is hit by Jack McBain and loses puck.
10:57 of 2nd period - Logan OConnor is hit by Tony DeAngelo and loses puck.
11:37 of 2nd period - Shot by Tyler Johnson.
11:37 of 2nd period - Stopped by Jet Greaves without a rebound.
11:38 of 2nd period - Morgan Frost wins face-off versus Vladislav Namestnikov in Maple Leafs zone.
11:43 of 2nd period - Shot by Morgan Frost.
11:43 of 2nd period - Shot Misses the Net.
11:52 of 2nd period - Brandon Saad is hit by Sean Walker and loses puck.
11:57 of 2nd period - Shot by Vladislav Namestnikov.
11:57 of 2nd period - Stopped by Jet Greaves without a rebound.
11:58 of 2nd period - Matthew Phillips wins face-off versus Jared McCann in Maple Leafs zone.
12:05 of 2nd period - Shot by Zach Parise.
12:05 of 2nd period - Shot Blocked by Yegor Sharangovich.
12:07 of 2nd period - Shot by Kevin Bahl.
12:07 of 2nd period - Goal by Kevin Bahl - Maple Leafs : 3 - Capitals : 4.
12:08 of 2nd period - Morgan Frost wins face-off versus Vladislav Namestnikov in neutral zone.
12:15 of 2nd period - Shot by T.J. Oshie.
12:15 of 2nd period - Stopped by Jet Greaves without a rebound.
12:16 of 2nd period - Vladislav Namestnikov wins face-off versus Morgan Frost in Maple Leafs zone.
12:37 of 2nd period - Shot by Jason Zucker.
12:37 of 2nd period - Stopped by Nico Daws with a rebound.
12:41 of 2nd period - Shot by Morgan Frost.
12:41 of 2nd period - Shot Blocked by T.J. Oshie.
12:47 of 2nd period - Shot by Reilly Smith.
12:47 of 2nd period - Stopped by Nico Daws without a rebound.
12:48 of 2nd period - Jack McBain wins face-off versus Jared McCann in Capitals zone.
13:11 of 2nd period - Shot by Evander Kane.
13:11 of 2nd period - Stopped by Jet Greaves without a rebound.
13:12 of 2nd period - Joe Veleno wins face-off versus Kevin Stenlund in Maple Leafs zone.
13:28 of 2nd period - Icing by Jon Merrill.
13:29 of 2nd period - Kevin Stenlund wins face-off versus Vladislav Namestnikov in Maple Leafs zone.
13:29 of 2nd period - Kevin Stenlund is hit by Vladislav Namestnikov.
13:35 of 2nd period - Shot by Anthony Beauvillier.
13:35 of 2nd period - Shot Misses the Net.
13:45 of 2nd period - Shot by Colin Miller.
13:45 of 2nd period - Stopped by Jet Greaves without a rebound.
13:46 of 2nd period - Jack McBain wins face-off versus Jared McCann in Maple Leafs zone.
13:54 of 2nd period - Icing by Sean Walker.
13:55 of 2nd period - Vladislav Namestnikov wins face-off versus Jared McCann in Maple Leafs zone.
13:55 of 2nd period - Alex Goligoski is hit by K'Andre Miller and loses puck.
14:03 of 2nd period - Icing by K'Andre Miller.
14:04 of 2nd period - Evander Kane wins face-off versus Jared McCann in Maple Leafs zone.
14:09 of 2nd period - Shot by Tony DeAngelo.
14:09 of 2nd period - Shot Misses the Net.
14:11 of 2nd period - Shot by Denis Gurianov.
14:11 of 2nd period - Shot Hit the Post.
14:13 of 2nd period - Shot by Jack McBain.
14:13 of 2nd period - Stopped by Jet Greaves with a rebound.
14:15 of 2nd period - Shot by Denis Gurianov.
14:15 of 2nd period - Stopped by Jet Greaves without a rebound.
14:16 of 2nd period - Morgan Frost wins face-off versus T.J. Oshie in Maple Leafs zone.
15:07 of 2nd period - Shot by Yegor Sharangovich.
15:07 of 2nd period - Shot Blocked by Vladislav Namestnikov.
15:33 of 2nd period - Jack McBain is hit by Yegor Sharangovich and loses puck.
15:42 of 2nd period - Shot by Yegor Sharangovich.
15:42 of 2nd period - Stopped by Nico Daws with a rebound.
15:44 of 2nd period - Shot by K'Andre Miller.
15:44 of 2nd period - Stopped by Nico Daws without a rebound.
15:45 of 2nd period - Joe Veleno wins face-off versus Kevin Stenlund in Capitals zone.
16:21 of 2nd period - Icing by Ben Hutton.
16:22 of 2nd period - Kevin Stenlund wins face-off versus Jack McBain in Maple Leafs zone.
16:22 of 2nd period - Kevin Stenlund is hit by Evander Kane.
16:57 of 2nd period - Shot by Morgan Frost.
16:57 of 2nd period - Stopped by Nico Daws without a rebound.
16:58 of 2nd period - Vladislav Namestnikov wins face-off versus Jared McCann in Capitals zone.
17:25 of 2nd period - Shot by Sean Walker.
17:25 of 2nd period - Shot Misses the Net.
17:39 of 2nd period - Shot by Jared McCann.
17:39 of 2nd period - Deflect By Yegor Sharangovich.
17:39 of 2nd period - Stopped by Nico Daws without a rebound.
17:40 of 2nd period - Jack McBain wins face-off versus Morgan Frost in Capitals zone.
17:44 of 2nd period - Off-side.
17:45 of 2nd period - Morgan Frost wins face-off versus Jack McBain in neutral zone.
17:52 of 2nd period - Morgan Frost is hit by Evander Kane and loses puck.
18:11 of 2nd period - Icing by Henri Jokiharju.
18:12 of 2nd period - Jack McBain wins face-off versus Kevin Stenlund in Capitals zone.
18:12 of 2nd period - Jack McBain is hit by Logan OConnor.
19:06 of 2nd period - Shot by Reilly Smith.
19:06 of 2nd period - Shot Misses the Net.
19:22 of 2nd period - Shot by Jason Zucker.
19:22 of 2nd period - Stopped by Nico Daws with a rebound.
19:24 of 2nd period - Shot by K'Andre Miller.
19:24 of 2nd period - Stopped by Nico Daws without a rebound.
19:25 of 2nd period - Joe Veleno wins face-off versus Jared McCann in Capitals zone.
19:29 of 2nd period - Icing by Jalen Chatfield.
19:30 of 2nd period - Joe Veleno wins face-off versus Jared McCann in Capitals zone.
19:30 of 2nd period - Joe Veleno is hit by Yegor Sharangovich.
19:46 of 2nd period - Kevin Bahl is hit by Jared McCann and loses puck.
Goals for this period are 0 for Maple Leafs vs 4 for Capitals.
Shots for this period are 8 for Maple Leafs vs 23 for Capitals.

3rd period


0:01 of 3rd period - Jack McBain wins face-off versus Morgan Frost in neutral zone.
0:11 of 3rd period - Minor Penalty to K'Andre Miller for Goalie Interference.
0:12 of 3rd period - Zach Parise wins face-off versus Jason Zucker in Maple Leafs zone.
0:21 of 3rd period - Shot by Colin Miller.
0:21 of 3rd period - Stopped by Jet Greaves without a rebound.
0:22 of 3rd period - T.J. Oshie wins face-off versus Jason Zucker in Maple Leafs zone.
0:29 of 3rd period - Shot by Jack McBain.
0:29 of 3rd period - Shot Blocked by Ben Hutton.
0:31 of 3rd period - Shot by Alex Goligoski.
0:31 of 3rd period - Goal by Alex Goligoski - Maple Leafs : 3 - Capitals : 5.
0:32 of 3rd period - Jared McCann wins face-off versus Joe Veleno in neutral zone.
0:34 of 3rd period - K'Andre Miller is hit by Joe Veleno and loses puck.
0:39 of 3rd period - Shot by Ryan Lindgren.
0:39 of 3rd period - Shot Misses the Net.
0:41 of 3rd period - Shot by Yegor Sharangovich.
0:41 of 3rd period - Shot Blocked by Zach Parise.
0:43 of 3rd period - Shot by Michael Bunting.
0:43 of 3rd period - Shot Misses the Net.
0:45 of 3rd period - Shot by Ryan Lindgren.
0:45 of 3rd period - Deflect By Jared McCann.
0:45 of 3rd period - Goal by Jared McCann - Maple Leafs : 4 - Capitals : 5.
0:46 of 3rd period - Vladislav Namestnikov wins face-off versus Morgan Frost in neutral zone.
1:04 of 3rd period - Shot by Reilly Smith.
1:04 of 3rd period - Shot Hit the Post.
1:10 of 3rd period - Shot by Alex Goligoski.
1:10 of 3rd period - Stopped by Jet Greaves without a rebound.
1:11 of 3rd period - Jack McBain wins face-off versus Michael Bunting in Maple Leafs zone.
1:15 of 3rd period - Icing by Sean Walker.
1:16 of 3rd period - Jack McBain wins face-off versus Jared McCann in Maple Leafs zone.
1:16 of 3rd period - Jack McBain is hit by K'Andre Miller.
2:26 of 3rd period - Shot by Vladislav Namestnikov.
2:26 of 3rd period - Goal by Vladislav Namestnikov - Maple Leafs : 4 - Capitals : 6.
2:27 of 3rd period - Reilly Smith wins face-off versus Joe Veleno in neutral zone.
2:44 of 3rd period - Shot by Jason Zucker.
2:44 of 3rd period - Shot Misses the Net.
2:46 of 3rd period - Shot by Reilly Smith.
2:46 of 3rd period - Stopped by Nico Daws without a rebound.
2:47 of 3rd period - Vladislav Namestnikov wins face-off versus Kevin Stenlund in Capitals zone.
2:47 of 3rd period - Vladislav Namestnikov is hit by Logan OConnor.
2:59 of 3rd period - Shot by Vladislav Namestnikov.
2:59 of 3rd period - Shot Misses the Net.
3:01 of 3rd period - Shot by Vladislav Namestnikov.
3:01 of 3rd period - Shot Misses the Net.
3:03 of 3rd period - Shot by Brandon Saad.
3:03 of 3rd period - Stopped by Jet Greaves without a rebound.
3:04 of 3rd period - Morgan Frost wins face-off versus Tyler Johnson in Maple Leafs zone.
3:33 of 3rd period - Shot by Reilly Smith.
3:33 of 3rd period - Stopped by Nico Daws without a rebound.
3:34 of 3rd period - Vladislav Namestnikov wins face-off versus Jared McCann in Capitals zone.
3:49 of 3rd period - Shot by Vladislav Namestnikov.
3:49 of 3rd period - Stopped by Jet Greaves without a rebound.
3:50 of 3rd period - Jack McBain wins face-off versus Kevin Stenlund in Maple Leafs zone.
4:13 of 3rd period - Jon Merrill is hit by Alex Goligoski and loses puck.
4:26 of 3rd period - Icing by Ben Hutton.
4:27 of 3rd period - Vladislav Namestnikov wins face-off versus Kevin Stenlund in Maple Leafs zone.
6:45 of 3rd period - Shot by Anthony Beauvillier.
6:45 of 3rd period - Stopped by Nico Daws without a rebound.
6:46 of 3rd period - Morgan Frost wins face-off versus Joe Veleno in Capitals zone.
6:56 of 3rd period - Matthew Phillips is hit by Sean Walker and loses puck.
7:03 of 3rd period - Shot by Zach Parise.
7:03 of 3rd period - Deflect By Joe Veleno.
7:03 of 3rd period - Stopped by Jet Greaves without a rebound.
7:04 of 3rd period - Jakob Silfverberg wins face-off versus Tyler Johnson in Maple Leafs zone.
7:13 of 3rd period - Shot by Jalen Chatfield.
7:13 of 3rd period - Shot Misses the Net.
7:15 of 3rd period - Shot by Kevin Bahl.
7:15 of 3rd period - Shot Misses the Net.
7:17 of 3rd period - Shot by Angus Crookshank.
7:17 of 3rd period - Stopped by Jet Greaves without a rebound.
7:18 of 3rd period - Joe Veleno wins face-off versus Kevin Stenlund in Maple Leafs zone.
7:49 of 3rd period - Shot by Zach Parise.
7:49 of 3rd period - Stopped by Jet Greaves without a rebound.
7:50 of 3rd period - Morgan Frost wins face-off versus Jack McBain in Maple Leafs zone.
8:07 of 3rd period - Shot by Tony DeAngelo.
8:07 of 3rd period - Shot Misses the Net.
8:27 of 3rd period - Evander Kane is hit by Morgan Frost and loses puck.
9:04 of 3rd period - Icing by Cam York.
9:05 of 3rd period - Joe Veleno wins face-off versus Jared McCann in Maple Leafs zone.
9:08 of 3rd period - Shot by Zach Parise.
9:08 of 3rd period - Goal by Zach Parise - Maple Leafs : 4 - Capitals : 7.
9:09 of 3rd period - Joe Veleno wins face-off versus Yegor Sharangovich in neutral zone.
9:15 of 3rd period - Joe Veleno is hit by Ryan Lindgren and loses puck.
9:28 of 3rd period - Shot by Jared McCann.
9:28 of 3rd period - Stopped by Nico Daws without a rebound.
9:29 of 3rd period - Kevin Stenlund wins face-off versus Vladislav Namestnikov in Capitals zone.
9:33 of 3rd period - Minor Penalty to Jalen Chatfield for Hooking.
9:34 of 3rd period - Tyler Johnson wins face-off versus Logan OConnor in Capitals zone.
9:57 of 3rd period - Shot by Michael Bunting.
9:57 of 3rd period - Shot Misses the Net.
9:59 of 3rd period - Shot by Cam York.
9:59 of 3rd period - Shot Blocked by Brandon Saad.
10:01 of 3rd period - Shot by Ryan Lindgren.
10:01 of 3rd period - Shot Misses the Net.
10:03 of 3rd period - Shot by Ryan Lindgren.
10:03 of 3rd period - Stopped by Nico Daws with a rebound.
10:05 of 3rd period - Shot by Jared McCann.
10:05 of 3rd period - Shot Misses the Net.
10:07 of 3rd period - Shot by Ryan Lindgren.
10:07 of 3rd period - Stopped by Nico Daws with a rebound.
10:57 of 3rd period - Shot by Sean Walker.
10:57 of 3rd period - Stopped by Nico Daws without a rebound.
10:58 of 3rd period - Brandon Saad wins face-off versus Logan OConnor in Capitals zone.
11:15 of 3rd period - Shot by Ryan Lindgren.
11:15 of 3rd period - Shot Misses the Net.
11:34 of 3rd period - Off-side.
11:35 of 3rd period - Joe Veleno wins face-off versus Morgan Frost in neutral zone.
11:42 of 3rd period - Shot by Matthew Phillips.
11:42 of 3rd period - Stopped by Jet Greaves with a rebound.
11:55 of 3rd period - Icing by Ben Hutton.
11:56 of 3rd period - Morgan Frost wins face-off versus Jack McBain in Maple Leafs zone.
12:05 of 3rd period - Shot by Morgan Frost.
12:05 of 3rd period - Shot Misses the Net.
12:07 of 3rd period - Shot by Morgan Frost.
12:07 of 3rd period - Stopped by Nico Daws without a rebound.
12:08 of 3rd period - Vladislav Namestnikov wins face-off versus Zach Benson in Capitals zone.
12:10 of 3rd period - Icing by Brandon Saad.
12:11 of 3rd period - Kevin Stenlund wins face-off versus Vladislav Namestnikov in Capitals zone.
12:14 of 3rd period - Shot by Logan OConnor.
12:14 of 3rd period - Goal by Logan OConnor - Maple Leafs : 5 - Capitals : 7.
12:15 of 3rd period - Vladislav Namestnikov wins face-off versus Jared McCann in neutral zone.
12:17 of 3rd period - Off-side.
12:18 of 3rd period - Jared McCann wins face-off versus Vladislav Namestnikov in neutral zone.
12:37 of 3rd period - K'Andre Miller is hit by Vladislav Namestnikov.
12:47 of 3rd period - Shot by K'Andre Miller.
12:47 of 3rd period - Shot Misses the Net.
13:45 of 3rd period - Shot by Denis Gurianov.
13:45 of 3rd period - Shot Blocked by Jon Merrill.
14:31 of 3rd period - Kevin Bahl is hit by Kevin Stenlund and loses puck.
14:50 of 3rd period - Shot by Zach Benson.
14:50 of 3rd period - Shot Misses the Net.
14:52 of 3rd period - Shot by Cam York.
14:52 of 3rd period - Shot Misses the Net.
14:54 of 3rd period - Shot by Zach Benson.
14:54 of 3rd period - Shot Misses the Net.
14:56 of 3rd period - Shot by Jared McCann.
14:56 of 3rd period - Shot Blocked by Henri Jokiharju.
14:58 of 3rd period - Shot by Cam York.
14:58 of 3rd period - Shot Misses the Net.
15:00 of 3rd period - Shot by Ryan Lindgren.
15:00 of 3rd period - Stopped by Nico Daws with a rebound.
15:21 of 3rd period - Icing by Tyler Johnson.
15:22 of 3rd period - Morgan Frost wins face-off versus Tyler Johnson in Capitals zone.
16:11 of 3rd period - Shot by Kevin Stenlund.
16:11 of 3rd period - Stopped by Nico Daws without a rebound.
16:12 of 3rd period - Jack McBain wins face-off versus Jared McCann in Capitals zone.
16:20 of 3rd period - Minor Penalty to Jack McBain for Hooking.
16:21 of 3rd period - Tyler Johnson wins face-off versus Logan OConnor in Capitals zone.
17:14 of 3rd period - Shot by Ryan Lindgren.
17:14 of 3rd period - Stopped by Nico Daws with a rebound.
17:34 of 3rd period - Shot by Ryan Lindgren.
17:34 of 3rd period - Shot Misses the Net.
17:36 of 3rd period - Shot by Cam York.
17:36 of 3rd period - Stopped by Nico Daws without a rebound.
17:37 of 3rd period - Vladislav Namestnikov wins face-off versus Logan OConnor in Capitals zone.
17:43 of 3rd period - Shot by Jared McCann.
17:43 of 3rd period - Stopped by Nico Daws without a rebound.
17:44 of 3rd period - Vladislav Namestnikov wins face-off versus Morgan Frost in Capitals zone.
17:55 of 3rd period - Shot by Cam York.
17:55 of 3rd period - Stopped by Nico Daws without a rebound.
17:56 of 3rd period - Logan OConnor wins face-off versus Vladislav Namestnikov in Capitals zone.
17:56 of 3rd period - Michael Bunting is hit by Tony DeAngelo and loses puck.
19:13 of 3rd period - Shot by Henri Jokiharju.
19:13 of 3rd period - Shot Blocked by Jon Merrill.
19:40 of 3rd period - Shot by Jack McBain.
19:40 of 3rd period - Stopped by Jet Greaves without a rebound.
19:41 of 3rd period - Jared McCann wins face-off versus Vladislav Namestnikov in Maple Leafs zone.
19:41 of 3rd period - Jared McCann is hit by Brandon Saad.
19:44 of 3rd period - Icing by K'Andre Miller.
19:45 of 3rd period - Vladislav Namestnikov wins face-off versus Yegor Sharangovich in Maple Leafs zone.
19:56 of 3rd period - Icing by Brandon Saad.
19:57 of 3rd period - Logan OConnor wins face-off versus Vladislav Namestnikov in Capitals zone.
Goals for this period are 2 for Maple Leafs vs 3 for Capitals.
Shots for this period are 16 for Maple Leafs vs 12 for Capitals.